 Dungeon Crawl Stone Soup version 0.29-a0-802-g34511f41fd (webtiles) character file.

Game seed: 18063225093018362579

26 polve the Cutter (level 2, -3/36 HPs)
             Began as a Demonspawn Abyssal Knight on July 3, 2022.
             Was a Believer of Lugonu.
             Killed by divine providence
             ... invoked by an orc priest
              (14 damage)
             ... on level 2 of the Dungeon.
             The game lasted 00:01:39 (1748 turns).

polve the Cutter (Demonspawn Abyssal Knight)        Turns: 1748, Time: 00:01:40

Health: -3/36      AC: 21    Str: 13    XL:     2   Next: 89%
Magic:  3/3        EV:  2    Int: 11    God:    Lugonu [**....]
Gold:   74         SH:  0    Dex: 13    Spells: 1/1 levels left

rFire   . . .      SeeInvis .   (no weapon)
rCold   . . .      Faith    .   (no shield)
rNeg    . . .      Spirit   .   (body armour currently unavailable)
rPois   +          Reflect  .   (helmet currently unavailable)
rElec   .          Harm     .   (cloak currently unavailable)
rCorr   .          Rampage  .   (gloves currently unavailable)
Will    .....      NoTele   +   (boots currently unavailable)
Stlth   +.........              (no amulet)
HPRegen 0.12/turn               (no ring)
MPRegen 0.08/turn               (no ring)

@: tree-form
A: stationary, stasis, torment immunity, boosted hp, (weakness stinger 1)
a: Renounce Religion, Depart the Abyss, Bend Space


You were on level 2 of the Dungeon.
You worshipped Lugonu.
Lugonu was pleased with you.
You were a tree.
You visited 1 branch of the dungeon, and saw 2 of its levels.
You visited the Abyss 1 time.

You collected 74 gold pieces.

Inventory:

Hand Weapons
 a - a +1 short sword
Armour
 b - a +0 scale mail (melded)
Scrolls
 d - 2 scrolls of identify {unknown}
 e - a scroll of teleportation {unknown}
 f - a scroll of enchant armour {unknown}
 g - a scroll of noise {unknown}
 h - a scroll of vulnerability {unknown}
Potions
 c - 3 potions of curing {unknown}


   Skills:
 - Level 3.0 Fighting
 + Level 3.1 Short Blades
 - Level 1.7 Armour
 - Level 0.8 Dodging
 - Level 2.4 Invocations


You had one spell level left.
You didn't know any spells.
Your spell library was empty.

Dungeon Overview and Level Annotations

Branches:
Dungeon (2/15)

Altars:
Wu Jian


Innate Abilities, Weirdness & Mutations

You are a tree.
Your roots penetrate the ground, keeping you stationary.
You cannot be teleported.
You are immune to unholy pain and torment.
Your maximum health is greatly increased.
Your equipment is partially melded.
((You have a small tail.))


Message History

You hit the orc.
You kill the orc!
Lugonu accepts your kill. The orc hits you with a +0 club.
You hit the orc.
The orc is heavily wounded.
You hit the orc.
You kill the orc!
Lugonu accepts your kill.
You hit the orc.
The orc is severely wounded.
You hit the orc priest but do no damage.
The orc hits you with a +0 whip.
The orc priest hits you with a +0 short sword.
It was a potion of lignification.
You turn into a tree.
Your +0 scale mail melds into your body.
Your roots penetrate the ground.
The orc hits you but does no damage.
The orc priest hits you but does no damage.
You are now empty-handed.
You hit the orc priest but do no damage.
The orc hits you but does no damage.
The orc priest hits you but does no damage.
You barely miss the orc priest. Your punch misses the orc priest.
The orc hits you but does no damage.
The orc priest mumbles some strange prayers to Beogh against you.
Beogh smites you!
You smack the orc priest!
The orc priest is severely wounded.
The orc hits you with a +0 whip.
The orc priest hits you but does no damage.
You hit the orc priest but do no damage.
The orc priest is severely wounded.
The orc hits you but does no damage.
The orc priest hits you but does no damage.
You hit the orc priest.
The orc priest is almost dead.
The orc hits you but does no damage.
The orc priest mumbles some strange prayers to Beogh against you.
Beogh smites you!
You die...

...# .## ....
^..# .....
...### .....
.....# .......
#....#
.....o##..!.#
####.#..Soo....#
.....#####♣....#
#.........#....#
#.......#>...#
.##.......#....#
[.........##.###
##<..........#
##...#####...#
#............#
#..##..##...##


You could see an orc priest, an adder and 2 orcs.

Vanquished Creatures
  2 orcs (D:2)
  A bat (D:2)
  2 endoplasms
  A goblin (D:1)
  2 hobgoblins (D:1)
  4 jackals (D:1)
  2 quokkas (D:1)
  A frilled lizard (D:1)
  4 kobolds (D:1)
  2 rats (D:1)
21 creatures vanquished.

Notes
Turn   | Place    | Note
-------+----------+-------------------------------------------
     0 | Abyss:1  | polve the Demonspawn Abyssal Knight began the quest for the
                  | Orb.
     0 | Abyss:1  | Reached XP level 1. HP: 18/18 MP: 2/2
   159 | Abyss:1  | Noticed a crimson imp
   159 | Abyss:1  | Noticed a crimson imp
   159 | Abyss:1  | Noticed a crimson imp
   160 | D:1      | Escaped the Abyss
   379 | D:1      | Reached ** piety under Lugonu
   645 | D:1      | Gained mutation: You have a small tail. [demonic ancestry]
   645 | D:1      | Reached XP level 2. HP: 24/24 MP: 3/3
  1680 | D:2      | Found an ornate altar of the Wu Jian Council.
  1748 | D:2      | Killed from afar by an orc priest

Illustrated notes

Levels and vault maps discovered:
D:1:      spicycebolla_green_bress_n_ham, layout_loops_cross,
          serial_co_window_serial, co_window_paths_a,
          co_window_of_opportunity_a, co_window_corner_a, co_window_paths_a,
          co_window_corner_a, co_window_of_opportunity_b, co_window_2corner,
          co_window_corner_cb, co_window_broadway_c, co_window_unsneaky_path_a,
          co_window_paths_e
D:2:      layout_rooms, basic_altar, shapermc_ecumenical_altar_rom_forum,
          guppyfry_early_orc_mine

Skill      XL: |  1  2 |
---------------+-------+-----
Short Blades   | 2 3 |  3.1
Fighting       | |  3.0
Armour         | |  1.7
Dodging        | |  0.8
Invocations    | |  2.4

Action                   || total
-------------------------++-------
Melee: Short sword       ||    76
       Tailslap          ||     7
       Unarmed           ||     5
Invok: Depart the Abyss  ||     1
  Use: Potion            ||     1
 Stab: Sleeping          ||     1
Armor: Leather armour    ||     6
       Scale mail        ||    24
       Skin              ||     9
Dodge: Dodged            ||    30

Table legend: (Time is in decaauts)
 A = Elapsed time spent in this place.
 B = Non-inter-level travel time spent in this place.
 C = Inter-level travel time spent in this place.
 D = Time resting spent in this place.
 E = Time spent auto-exploring this place.
 F = Levels seen in this place.
 G = Mean time per level.
                   A        B        C        D        E       F      G
               +--------+--------+--------+--------+--------+-----+--------+
         Total |   1744 |   1733 |     11 |      0 |   1523 |   3 |  581.3 |
       Dungeon |   1584 |   1573 |     11 |      0 |   1364 |   2 |  792.0 |
         Abyss |    160 |    160 |      0 |      0 |    159 |   1 |  160.0 |
               +--------+--------+--------+--------+--------+-----+--------+

Top non-repeatable levels by time:
     D:1: 1517 daAuts
 Abyss:1: 160 daAuts
     D:2: 66 daAuts
